Predateurs vs Kings

Created - 15 décembre 2021 at 16:47

Goals
1 2 3 T
Predateurs 1 1 1 3
Kings 0 3 1 4
Shots
1 2 3 T
Predateurs 11 13 15 39
Kings 11 14 12 37

GoalsPenalties
1st period
1. Predateurs , Alexander Wennberg 6 (Nathan Beaulieu 10, Sebastian Aho 24) at 12:44
William Karlsson (LOS) for Hooking (Minor) at 15:04
Noel Acciari (NAS) for Hooking (Minor) at 17:55
2nd period
2. Predateurs , Filip Forsberg 15 (Teuvo Teravainen 17, Brady Skjei 8) at 2:41
3. Kings , Yanni Gourde 7 (Tanner Pearson 15, Scott Mayfield 11) at 5:05
4. Kings , Shea Weber 4 (Kyle Connor 20, William Karlsson 16) at 6:11 (PP)
5. Kings , William Karlsson 11 (Brock Boeser 20, Zach Werenski 13) at 7:27
Paul Byron (NAS) for Holding (Minor) at 5:16
Zdeno Chara (LOS) for Tripping (Minor) at 10:54
3rd period
6. Predateurs , Alexander Wennberg 7 (Teuvo Teravainen 18, Justin Schultz 8) at 16:07 (PP)
7. Kings , William Karlsson 12 (Zach Werenski 14, Kyle Connor 21) at 16:52
Nathan Beaulieu (NAS) for Interference (Minor) at 1:14
Brock Boeser (LOS) for Hooking (Minor) at 15:53
Goalie Stats
Pekka Rinne (NAS), 33 saves from 37 shots - (0,892), L, 7-6-0, 59:00 minutes
Jordan Binnington (LOS), 36 saves from 39 shots - (0,923), W, 13-5-2, 60:00 minutes
3 StarsOfficial
1 - William Karlsson (LOS)
2 - Alexander Wennberg (NAS)
3 - Shea Weber (LOS)
Referees : Kendrick Nicholson and Garrett Rank
Linesman : Brian Mach and Mark Wheler
Game Note
No Game Note
Finance
Level 1 -- Attendance: 4810 (96,20%) -- Ticket Income 312 650 $
Level 2 -- Attendance: 4000 (100,00%) -- Ticket Income 180 000 $
Level 3 -- Attendance: 2839 (94,63%) -- Ticket Income 99 365 $
Level 4 -- Attendance: 3079 (76,98%) -- Ticket Income 76 975 $
Luxury Box -- Attendance: 1000 (100,00%) -- Ticket Income 110 000 $
Game was played at the Golden 1 Center.
Total Attendance: 15728 (92,52%)
Total Ticket Income: 778 990 $
Other Income: 381 705 $
Total Income: 1 160 695 $



Team Name Goals Shots Shots Attemp Shots Blocked PIM HIT PP PK FO%
Predateurs 33973126231 / 3 (33%)145%
Kings 43777106171 / 3 (33%)155%

Predateurs
Player Name POS G A P +/- PIM HIT SHT SB MP PP MP PP SHT PK MP PK SHT FO% FOT
Alexander WennbergC/LW/RW202-1015220:221:5622:56175% 4
Brady SkjeiD0111041322:411:4202:0700% 0
Esa LindellD0001004120:090:0002:0700% 0
Filip ForsbergLW/RW1011044019:492:1610:0000% 0
Frederick GaudreauC/RW000-100109:320:0003:25064% 11
Justin SchultzD011-2020121:352:3000:0000% 0
Marc-Edouard VlasicD000-2010020:010:0002:4600% 0
Mirco MuellerD0000010216:340:0002:4600% 0
Nathan BeaulieuD0110210216:291:4200:0000% 0
Nicklas BackstromC0001006019:132:3000:00057% 28
Nikita KucherovRW000-1013018:362:1600:00025% 4
Noel AcciariC/LW0000231012:580:0001:05053% 19
Paul ByronC/LW/RW0000212013:410:0001:5700% 1
Ryan DzingelC/LW/RW000-100006:300:0000:2300% 1
Sebastian AhoC/LW/RW011-1014018:362:1600:00017% 23
Stefan NoesenRW000-103106:070:0000:0000% 0
Teuvo TeravainenLW/RW0221006118:301:5600:0000% 2
Zach PariseLW/RW0000001013:411:5600:000100% 1
Kings
Player Name POS G A P +/- PIM HIT SHT SB MP PP MP PP SHT PK MP PK SHT FO% FOT
Andy GreeneD0000000314:120:0002:2900% 0
Brock BoeserRW0111211021:172:2400:0000% 3
Brock McGinnLW/RW000000109:380:0002:000100% 1
Corey PerryLW/RW000000107:220:0000:0000% 1
David KampfC/LW/RW000000008:510:0002:12040% 10
Derek ForbortD0000011214:050:0001:4300% 0
Johnny GaudreauLW/RW0000006019:302:2900:000100% 1
Kyle ConnorLW0221017021:232:2900:0000% 1
Pierre-Edouard BellemareC0000003010:210:0002:00071% 7
Ryan CarpenterC/RW000000007:540:0001:1500% 1
Scott MayfieldD0110021123:202:0812:0200% 0
Shea WeberD1011032223:032:0810:3300% 0
Tanner PearsonLW/RW0110021019:252:2400:000100% 2
Teddy BluegerC/LW0000001010:452:2400:00063% 16
William KarlssonC2131215022:192:2900:57061% 28
Yanni GourdeC/LW/RW1010014017:010:0000:00052% 23
Zach WerenskiD0221011123:362:4500:4900% 0
Zdeno CharaD0000242121:432:4510:4800% 0

Predateurs

5 vs 5 Forward
Line #Left WingCenterRight WingPHYDFOFWanted %Time %Time Play
1Alexander WennbergSebastian AhoNikita Kucherov0233231%15:30
2Filip ForsbergNicklas BackstromTeuvo Teravainen0233233%16:34
3Zach PariseNoel AcciariPaul Byron0322424%11:45
4Ryan DzingelFrederick GaudreauStefan Noesen1311212%6:07
5 vs 5 Defense
Line #DefenseDefensePHYDFOFWanted %Time %Time Play
1Brady SkjeiEsa Lindell0323636%18:02
2Justin SchultzMarc-Edouard Vlasic0323435%17:15
3Mirco MuellerNathan Beaulieu0323029%14:39
4Brady SkjeiEsa Lindell12200%0:00
Power Play Forward
Line #Left WingCenterRight WingPHYDFOFWanted %Time %Time Play
1Filip ForsbergSebastian AhoNikita Kucherov0056054%2:16
2Teuvo TeravainenAlexander WennbergZach Parise0054046%1:56
Power Play Defense
Line #DefenseDefensePHYDFOFWanted %Time %Time Play
1Justin SchultzNicklas Backstrom0056060%2:30
2Brady SkjeiNathan Beaulieu0054040%1:42
Penalty Kill 4 Players Forward
Line #CenterWingPHYDFOFWanted %Time %Time Play
1Noel AcciariAlexander Wennberg0505044%2:10
2Frederick GaudreauPaul Byron0505056%2:43
Penalty Kill 4 Players Defense
Line #DefenseDefensePHYDFOFWanted %Time %Time Play
1Brady SkjeiEsa Lindell0505043%2:07
2Mirco MuellerMarc-Edouard Vlasic0505057%2:46
Penalty Kill 3 Players
Line #WingPHYDFOFWanted %Time %Time PlayDefenseDefensePHYDFOFWanted %Time %Time Play
1Noel Acciari050500%0:00 Brady SkjeiEsa Lindell050500%0:00
2Alexander Wennberg050500%0:00 Mirco MuellerMarc-Edouard Vlasic050500%0:00
4 vs 4 Forward
Line #CenterWingPHYDFOFWanted %Time %Time Play
1Sebastian AhoNikita Kucherov023500%0:00
2Nicklas BackstromFilip Forsberg023500%0:00
4 vs 4 Defense
Line #DefensePHYDFOFWanted %Time %Time Play
1Brady SkjeiEsa Lindell032500%0:00
2Justin SchultzMarc-Edouard Vlasic131500%0:00
Last Minutes Offensive
Left WingCenterRight WingDefenseDefense
Filip ForsbergSebastian AhoNikita KucherovBrady SkjeiJustin Schultz
Last Minutes Defensive
Left WingCenterRight WingDefenseDefense
Paul ByronNoel AcciariAlexander WennbergBrady SkjeiEsa Lindell
Time
Total ForwardTotal DefenseLast Minutes OffensiveLast Minutes Defensive
60:00 60:00 0:590:00
Extra Forwards
Normal PowerPlayPenalty Kill
Noel Acciari, Nicklas Backstrom, Alexander WennbergNoel Acciari, Paul ByronAlexander Wennberg
Extra Defensemen
Normal PowerPlayPenalty Kill
Justin Schultz, Nathan Beaulieu, Brady SkjeiJustin Schultz, Nathan BeaulieuEsa Lindell
Penalty Shots
Sebastian Aho, Filip Forsberg, Nikita Kucherov, Nicklas Backstrom, Teuvo Teravainen
Goalie
Pekka Rinne, Michael Hutchinson
Custom OT Lines Forwards
Sebastian Aho, Filip Forsberg, Nikita Kucherov, Nicklas Backstrom, Teuvo Teravainen, Noel Acciari, Paul Byron, Zach Parise, Alexander Wennberg, Frederick Gaudreau
Custom OT Lines Defensemen
Brady Skjei, Esa Lindell, Marc-Edouard Vlasic, Justin Schultz, Nathan Beaulieu
Scratches
Antti Raanta (Healthy)

Kings

5 vs 5 Forward
Line #Left WingCenterRight WingPHYDFOFWanted %Time %Time Play
1Kyle ConnorWilliam KarlssonBrock Boeser0233938%18:54
2Johnny GaudreauYanni GourdeTanner Pearson0233734%17:01
3Pierre-Edouard BellemareTeddy BluegerCorey Perry1221415%7:22
4Brock McGinnDavid KampfRyan Carpenter2211013%6:39
5 vs 5 Defense
Line #DefenseDefensePHYDFOFWanted %Time %Time Play
1Zach WerenskiShea Weber1224339%19:23
2Scott MayfieldZdeno Chara1313636%18:11
3Derek ForbortAndy Greene1402123%11:43
4Zach WerenskiDerek Forbort04101%0:39
Power Play Forward
Line #Left WingCenterRight WingPHYDFOFWanted %Time %Time Play
1Johnny GaudreauWilliam KarlssonKyle Connor0145051%2:29
2Tanner PearsonTeddy BluegerBrock Boeser0145049%2:24
Power Play Defense
Line #DefenseDefensePHYDFOFWanted %Time %Time Play
1Zach WerenskiZdeno Chara0235556%2:45
2Shea WeberScott Mayfield0234544%2:08
Penalty Kill 4 Players Forward
Line #CenterWingPHYDFOFWanted %Time %Time Play
1William KarlssonDavid Kampf1405052%2:12
2Pierre-Edouard BellemareBrock McGinn1405048%2:00
Penalty Kill 4 Players Defense
Line #DefenseDefensePHYDFOFWanted %Time %Time Play
1Derek ForbortZdeno Chara1405048%2:00
2Andy GreeneScott Mayfield1405052%2:12
Penalty Kill 3 Players
Line #WingPHYDFOFWanted %Time %Time PlayDefenseDefensePHYDFOFWanted %Time %Time Play
1Pierre-Edouard Bellemare050500%0:00 Scott MayfieldShea Weber140500%0:00
2David Kampf050500%0:00 Derek ForbortAndy Greene140500%0:00
4 vs 4 Forward
Line #CenterWingPHYDFOFWanted %Time %Time Play
1William KarlssonKyle Connor023550%0:00
2Brock BoeserJohnny Gaudreau023450%0:00
4 vs 4 Defense
Line #DefensePHYDFOFWanted %Time %Time Play
1Zach WerenskiZdeno Chara032500%0:00
2Scott MayfieldShea Weber032500%0:00
Last Minutes Offensive
Left WingCenterRight WingDefenseDefense
Johnny GaudreauWilliam KarlssonKyle ConnorBrock BoeserZach Werenski
Last Minutes Defensive
Left WingCenterRight WingDefenseDefense
Brock McGinnPierre-Edouard BellemareTeddy BluegerScott MayfieldShea Weber
Time
Total ForwardTotal DefenseLast Minutes OffensiveLast Minutes Defensive
60:00 60:00 0:000:59
Extra Forwards
Normal PowerPlayPenalty Kill
Johnny Gaudreau, Brock Boeser, Kyle ConnorYanni Gourde, Corey PerryRyan Carpenter
Extra Defensemen
Normal PowerPlayPenalty Kill
Zach Werenski, Shea Weber, Scott MayfieldZdeno Chara, Zach WerenskiZdeno Chara
Penalty Shots
William Karlsson, Johnny Gaudreau, Kyle Connor, Brock Boeser, Zach Werenski
Goalie
Jordan Binnington, Curtis McElhinney
Custom OT Lines Forwards
William Karlsson, Kyle Connor, Johnny Gaudreau, Brock Boeser, Tanner Pearson, Teddy Blueger, Yanni Gourde, Pierre-Edouard Bellemare, Corey Perry, Ryan Carpenter
Custom OT Lines Defensemen
Zach Werenski, Shea Weber, Scott Mayfield, Zdeno Chara, Derek Forbort
Scratches
Niko Mikkola (Healthy), Dylan McIlrath (Healthy), Tyler Ennis (Healthy)


Play-by-Play

1st period


0:01 of 1st period - Sebastian Aho wins face-off versus Brock Boeser in neutral zone.
0:06 of 1st period - Icing by Shea Weber.
0:07 of 1st period - William Karlsson wins face-off versus Nicklas Backstrom in Kings zone.
0:27 of 1st period - Shot by Kyle Connor.
0:27 of 1st period - Stopped by Pekka Rinne without a rebound.
0:28 of 1st period - Noel Acciari wins face-off versus Yanni Gourde in Predateurs zone.
0:33 of 1st period - Shot by Johnny Gaudreau.
0:33 of 1st period - Shot Blocked by Nathan Beaulieu.
0:39 of 1st period - Shot by Tanner Pearson.
0:39 of 1st period - Shot Blocked by Mirco Mueller.
0:47 of 1st period - Shot by Tanner Pearson.
0:47 of 1st period - Shot Misses the Net.
1:06 of 1st period - Icing by Nathan Beaulieu.
1:07 of 1st period - Teddy Blueger wins face-off versus Paul Byron in Predateurs zone.
1:16 of 1st period - Shot by Corey Perry.
1:16 of 1st period - Stopped by Pekka Rinne without a rebound.
1:17 of 1st period - David Kampf wins face-off versus Sebastian Aho in Predateurs zone.
2:19 of 1st period - Icing by Shea Weber.
2:20 of 1st period - Frederick Gaudreau wins face-off versus David Kampf in Kings zone.
2:20 of 1st period - Frederick Gaudreau is hit by Shea Weber.
2:29 of 1st period - Off-side.
2:30 of 1st period - William Karlsson wins face-off versus Nicklas Backstrom in neutral zone.
2:39 of 1st period - Shot by William Karlsson.
2:39 of 1st period - Stopped by Pekka Rinne without a rebound.
2:40 of 1st period - Yanni Gourde wins face-off versus Frederick Gaudreau in Predateurs zone.
3:47 of 1st period - Shot by Nicklas Backstrom.
3:47 of 1st period - Shot Misses the Net.
3:57 of 1st period - Shot by Brock Boeser.
3:57 of 1st period - Shot Blocked by Teuvo Teravainen.
3:59 of 1st period - Shot by Kyle Connor.
3:59 of 1st period - Stopped by Pekka Rinne without a rebound.
4:00 of 1st period - Teddy Blueger wins face-off versus Sebastian Aho in Predateurs zone.
4:01 of 1st period - Shot by Pierre-Edouard Bellemare.
4:01 of 1st period - Shot Misses the Net.
4:03 of 1st period - Shot by Teddy Blueger.
4:03 of 1st period - Stopped by Pekka Rinne with a rebound.
4:23 of 1st period - Shot by Nikita Kucherov.
4:23 of 1st period - Shot Blocked by Shea Weber.
5:07 of 1st period - Shot by Brock Boeser.
5:07 of 1st period - Shot Blocked by Esa Lindell.
5:09 of 1st period - Shot by William Karlsson.
5:09 of 1st period - Shot Misses the Net.
5:13 of 1st period - Shot by Brock Boeser.
5:13 of 1st period - Shot Blocked by Alexander Wennberg.
5:15 of 1st period - Shot by Kyle Connor.
5:15 of 1st period - Shot Misses the Net.
5:17 of 1st period - Shot by William Karlsson.
5:17 of 1st period - Stopped by Pekka Rinne without a rebound.
5:18 of 1st period - Yanni Gourde wins face-off versus Noel Acciari in Predateurs zone.
5:58 of 1st period - Shot by Yanni Gourde.
5:58 of 1st period - Stopped by Pekka Rinne without a rebound.
5:59 of 1st period - Nicklas Backstrom wins face-off versus William Karlsson in Predateurs zone.
5:59 of 1st period - Nicklas Backstrom is hit by Brock Boeser.
6:22 of 1st period - Shot by Brock Boeser.
6:22 of 1st period - Shot Blocked by Mirco Mueller.
6:59 of 1st period - Icing by Mirco Mueller.
7:00 of 1st period - Yanni Gourde wins face-off versus Nicklas Backstrom in Predateurs zone.
7:05 of 1st period - Shot by Tanner Pearson.
7:05 of 1st period - Deflect By Johnny Gaudreau.
7:05 of 1st period - Stopped by Pekka Rinne without a rebound.
7:06 of 1st period - Noel Acciari wins face-off versus Yanni Gourde in Predateurs zone.
7:06 of 1st period - Noel Acciari is hit by Yanni Gourde.
7:22 of 1st period - Shot by Noel Acciari.
7:22 of 1st period - Shot Misses the Net.
7:27 of 1st period - Johnny Gaudreau is hit by Justin Schultz and loses puck.
7:30 of 1st period - Shot by Derek Forbort.
7:30 of 1st period - Stopped by Pekka Rinne without a rebound.
7:31 of 1st period - Teddy Blueger wins face-off versus Sebastian Aho in Predateurs zone.
7:47 of 1st period - Alexander Wennberg is hit by Zdeno Chara and loses puck.
7:51 of 1st period - Sebastian Aho is hit by Zdeno Chara and loses puck.
7:56 of 1st period - Shot by Sebastian Aho.
7:56 of 1st period - Shot Misses the Net.
7:58 of 1st period - Shot by Sebastian Aho.
7:58 of 1st period - Stopped by Jordan Binnington without a rebound.
7:59 of 1st period - Frederick Gaudreau wins face-off versus William Karlsson in Kings zone.
8:06 of 1st period - Shot by William Karlsson.
8:06 of 1st period - Stopped by Pekka Rinne without a rebound.
8:07 of 1st period - William Karlsson wins face-off versus Nicklas Backstrom in Predateurs zone.
8:07 of 1st period - Kyle Connor is hit by Justin Schultz and loses puck.
8:45 of 1st period - Off-side.
8:46 of 1st period - Yanni Gourde wins face-off versus Noel Acciari in neutral zone.
8:46 of 1st period - Johnny Gaudreau is hit by Paul Byron and loses puck.
9:07 of 1st period - Shot by Paul Byron.
9:07 of 1st period - Shot Blocked by Zdeno Chara.
9:09 of 1st period - Shot by Paul Byron.
9:09 of 1st period - Stopped by Jordan Binnington without a rebound.
9:10 of 1st period - Teddy Blueger wins face-off versus Sebastian Aho in Kings zone.
9:47 of 1st period - Shot by Nikita Kucherov.
9:47 of 1st period - Stopped by Jordan Binnington without a rebound.
9:48 of 1st period - Frederick Gaudreau wins face-off versus Kyle Connor in Kings zone.
10:23 of 1st period - Shot by Frederick Gaudreau.
10:23 of 1st period - Stopped by Jordan Binnington with a rebound.
10:25 of 1st period - Shot by Stefan Noesen.
10:25 of 1st period - Shot Misses the Net.
10:27 of 1st period - Shot by Stefan Noesen.
10:27 of 1st period - Stopped by Jordan Binnington without a rebound.
10:28 of 1st period - Yanni Gourde wins face-off versus Nicklas Backstrom in Kings zone.
10:44 of 1st period - Icing by Marc-Edouard Vlasic.
10:45 of 1st period - David Kampf wins face-off versus Nicklas Backstrom in Predateurs zone.
11:08 of 1st period - Shot by Filip Forsberg.
11:08 of 1st period - Stopped by Jordan Binnington without a rebound.
11:09 of 1st period - Johnny Gaudreau wins face-off versus Noel Acciari in Kings zone.
11:38 of 1st period - Andy Greene is hit by Noel Acciari and loses puck.
12:00 of 1st period - Icing by Derek Forbort.
12:01 of 1st period - Tanner Pearson wins face-off versus Nikita Kucherov in Kings zone.
12:44 of 1st period - Shot by Alexander Wennberg.
12:44 of 1st period - Goal by Alexander Wennberg - Predateurs : 1 - Kings : 0.
12:45 of 1st period - Nicklas Backstrom wins face-off versus Teddy Blueger in neutral zone.
12:54 of 1st period - Shot by Filip Forsberg.
12:54 of 1st period - Stopped by Jordan Binnington without a rebound.
12:55 of 1st period - Noel Acciari wins face-off versus Ryan Carpenter in Kings zone.
13:10 of 1st period - Shot by Esa Lindell.
13:10 of 1st period - Stopped by Jordan Binnington without a rebound.
13:11 of 1st period - William Karlsson wins face-off versus Teuvo Teravainen in Kings zone.
13:47 of 1st period - Icing by Marc-Edouard Vlasic.
13:48 of 1st period - Nicklas Backstrom wins face-off versus Yanni Gourde in Predateurs zone.
13:53 of 1st period - Shot by Teuvo Teravainen.
13:53 of 1st period - Stopped by Jordan Binnington without a rebound.
13:54 of 1st period - Yanni Gourde wins face-off versus Sebastian Aho in Kings zone.
14:20 of 1st period - Off-side.
14:21 of 1st period - Noel Acciari wins face-off versus William Karlsson in neutral zone.
14:23 of 1st period - Paul Byron is hit by Kyle Connor and loses puck.
14:44 of 1st period - Shea Weber is hit by Noel Acciari and loses puck.
15:04 of 1st period - Minor Penalty to William Karlsson for Hooking.
15:05 of 1st period - Brock McGinn wins face-off versus Sebastian Aho in Kings zone.
16:16 of 1st period - Shot by Zach Parise.
16:16 of 1st period - Deflect By Alexander Wennberg.
16:16 of 1st period - Stopped by Jordan Binnington without a rebound.
16:17 of 1st period - Alexander Wennberg wins face-off versus David Kampf in Kings zone.
16:32 of 1st period - Shot by Teuvo Teravainen.
16:32 of 1st period - Shot Misses the Net.
16:34 of 1st period - Shot by Brady Skjei.
16:34 of 1st period - Shot Blocked by Andy Greene.
16:36 of 1st period - Shot by Brady Skjei.
16:36 of 1st period - Shot Misses the Net.
17:25 of 1st period - Shot by Yanni Gourde.
17:25 of 1st period - Shot Misses the Net.
17:27 of 1st period - Shot by Tanner Pearson.
17:27 of 1st period - Shot Misses the Net.
17:31 of 1st period - Shot by Yanni Gourde.
17:31 of 1st period - Stopped by Pekka Rinne without a rebound.
17:32 of 1st period - William Karlsson wins face-off versus Noel Acciari in Predateurs zone.
17:32 of 1st period - William Karlsson is hit by Brady Skjei.
17:55 of 1st period - Minor Penalty to Noel Acciari for Hooking.
17:56 of 1st period - Alexander Wennberg wins face-off versus Teddy Blueger in Predateurs zone.
18:04 of 1st period - Icing by Teddy Blueger.
18:05 of 1st period - Frederick Gaudreau wins face-off versus Teddy Blueger in Kings zone.
18:18 of 1st period - Shot by Zdeno Chara.
18:18 of 1st period - Shot Misses the Net.
18:42 of 1st period - Shot by Zach Werenski.
18:42 of 1st period - Shot Misses the Net.
Goals for this period are 1 for Predateurs vs 0 for Kings.
Shots for this period are 11 for Predateurs vs 11 for Kings.

2nd period


0:01 of 2nd period - Yanni Gourde wins face-off versus Sebastian Aho in neutral zone.
0:09 of 2nd period - Yanni Gourde is hit by Sebastian Aho and loses puck.
1:01 of 2nd period - Shot by Nicklas Backstrom.
1:01 of 2nd period - Stopped by Jordan Binnington with a rebound.
1:03 of 2nd period - Shot by Esa Lindell.
1:03 of 2nd period - Stopped by Jordan Binnington without a rebound.
1:04 of 2nd period - Teddy Blueger wins face-off versus Nicklas Backstrom in Kings zone.
1:04 of 2nd period - Pierre-Edouard Bellemare is hit by Filip Forsberg and loses puck.
1:12 of 2nd period - Off-side.
1:13 of 2nd period - Nicklas Backstrom wins face-off versus William Karlsson in neutral zone.
1:19 of 2nd period - William Karlsson is hit by Brady Skjei and loses puck.
1:35 of 2nd period - Shea Weber is hit by Filip Forsberg.
1:36 of 2nd period - Icing by Shea Weber.
1:37 of 2nd period - Noel Acciari wins face-off versus William Karlsson in Kings zone.
2:08 of 2nd period - Shot by Paul Byron.
2:08 of 2nd period - Deflect By Zach Parise.
2:08 of 2nd period - Stopped by Jordan Binnington without a rebound.
2:09 of 2nd period - Nicklas Backstrom wins face-off versus Yanni Gourde in Kings zone.
2:39 of 2nd period - Shot by Teuvo Teravainen.
2:39 of 2nd period - Shot Blocked by Scott Mayfield.
2:41 of 2nd period - Shot by Filip Forsberg.
2:41 of 2nd period - Goal by Filip Forsberg - Predateurs : 2 - Kings : 0.
2:42 of 2nd period - Sebastian Aho wins face-off versus Teddy Blueger in neutral zone.
2:59 of 2nd period - Shot by Sebastian Aho.
2:59 of 2nd period - Stopped by Jordan Binnington without a rebound.
3:00 of 2nd period - William Karlsson wins face-off versus Ryan Dzingel in Kings zone.
3:05 of 2nd period - Shea Weber is hit by Stefan Noesen and loses puck.
4:13 of 2nd period - Shot by Tanner Pearson.
4:13 of 2nd period - Stopped by Pekka Rinne without a rebound.
4:14 of 2nd period - Teddy Blueger wins face-off versus Nicklas Backstrom in Predateurs zone.
4:43 of 2nd period - Shot by Teuvo Teravainen.
4:43 of 2nd period - Shot Blocked by Andy Greene.
4:45 of 2nd period - Shot by Nicklas Backstrom.
4:45 of 2nd period - Shot Misses the Net.
4:47 of 2nd period - Shot by Teuvo Teravainen.
4:47 of 2nd period - Stopped by Jordan Binnington without a rebound.
4:48 of 2nd period - Yanni Gourde wins face-off versus Alexander Wennberg in Kings zone.
5:03 of 2nd period - Shot by Tanner Pearson.
5:03 of 2nd period - Shot Misses the Net.
5:05 of 2nd period - Shot by Yanni Gourde.
5:05 of 2nd period - Goal by Yanni Gourde - Predateurs : 2 - Kings : 1.
5:06 of 2nd period - Zach Parise wins face-off versus William Karlsson in neutral zone.
5:16 of 2nd period - Minor Penalty to Paul Byron for Holding.
5:17 of 2nd period - Teddy Blueger wins face-off versus Frederick Gaudreau in Predateurs zone.
5:24 of 2nd period - Shot by Brock Boeser.
5:24 of 2nd period - Shot Misses the Net.
5:39 of 2nd period - Frederick Gaudreau is hit by Zdeno Chara and loses puck.
5:46 of 2nd period - Shot by Alexander Wennberg.
5:46 of 2nd period - Stopped by Jordan Binnington without a rebound.
5:47 of 2nd period - William Karlsson wins face-off versus Noel Acciari in Kings zone.
5:47 of 2nd period - William Karlsson is hit by Noel Acciari.
6:09 of 2nd period - Shot by Kyle Connor.
6:09 of 2nd period - Shot Misses the Net.
6:11 of 2nd period - Shot by Shea Weber.
6:11 of 2nd period - Goal by Shea Weber - Predateurs : 2 - Kings : 2.
6:12 of 2nd period - David Kampf wins face-off versus Nicklas Backstrom in neutral zone.
6:40 of 2nd period - Icing by Nicklas Backstrom.
6:41 of 2nd period - Nicklas Backstrom wins face-off versus Yanni Gourde in Predateurs zone.
6:52 of 2nd period - Zdeno Chara is hit by Filip Forsberg and loses puck.
7:03 of 2nd period - Shot by Teuvo Teravainen.
7:03 of 2nd period - Stopped by Jordan Binnington without a rebound.
7:04 of 2nd period - William Karlsson wins face-off versus Sebastian Aho in Kings zone.
7:23 of 2nd period - Shot by William Karlsson.
7:23 of 2nd period - Shot Blocked by Alexander Wennberg.
7:27 of 2nd period - Shot by William Karlsson.
7:27 of 2nd period - Goal by William Karlsson - Predateurs : 2 - Kings : 3.
7:28 of 2nd period - Yanni Gourde wins face-off versus Noel Acciari in neutral zone.
8:06 of 2nd period - Shot by Zach Parise.
8:06 of 2nd period - Shot Misses the Net.
8:36 of 2nd period - Shot by Kyle Connor.
8:36 of 2nd period - Shot Misses the Net.
8:38 of 2nd period - Shot by Shea Weber.
8:38 of 2nd period - Shot Misses the Net.
8:40 of 2nd period - Shot by William Karlsson.
8:40 of 2nd period - Shot Misses the Net.
8:56 of 2nd period - Shot by Brock Boeser.
8:56 of 2nd period - Shot Misses the Net.
8:58 of 2nd period - Shot by Shea Weber.
8:58 of 2nd period - Stopped by Pekka Rinne without a rebound.
8:59 of 2nd period - Nicklas Backstrom wins face-off versus Corey Perry in Predateurs zone.
9:11 of 2nd period - Teuvo Teravainen is hit by Derek Forbort and loses puck.
9:38 of 2nd period - Shot by Pierre-Edouard Bellemare.
9:38 of 2nd period - Stopped by Pekka Rinne without a rebound.
9:39 of 2nd period - Noel Acciari wins face-off versus William Karlsson in Predateurs zone.
10:04 of 2nd period - Shot by Zach Werenski.
10:04 of 2nd period - Shot Misses the Net.
10:31 of 2nd period - Zach Werenski is hit by Marc-Edouard Vlasic and loses puck.
10:42 of 2nd period - Shot by Johnny Gaudreau.
10:42 of 2nd period - Stopped by Pekka Rinne without a rebound.
10:43 of 2nd period - Nicklas Backstrom wins face-off versus Yanni Gourde in Predateurs zone.
10:43 of 2nd period - Nicklas Backstrom is hit by Tanner Pearson.
10:54 of 2nd period - Minor Penalty to Zdeno Chara for Tripping.
10:55 of 2nd period - Pierre-Edouard Bellemare wins face-off versus Sebastian Aho in Kings zone.
11:06 of 2nd period - Scott Mayfield is hit by Nikita Kucherov and loses puck.
11:27 of 2nd period - Shot by Sebastian Aho.
11:27 of 2nd period - Shot Misses the Net.
11:29 of 2nd period - Shot by Filip Forsberg.
11:29 of 2nd period - Stopped by Jordan Binnington with a rebound.
13:21 of 2nd period - Shot by Johnny Gaudreau.
13:21 of 2nd period - Shot Blocked by Brady Skjei.
13:23 of 2nd period - Shot by Scott Mayfield.
13:23 of 2nd period - Shot Blocked by Brady Skjei.
13:31 of 2nd period - Frederick Gaudreau is hit by Tanner Pearson and loses puck.
13:56 of 2nd period - Icing by Paul Byron.
13:57 of 2nd period - Noel Acciari wins face-off versus Pierre-Edouard Bellemare in Predateurs zone.
14:24 of 2nd period - Shot by Paul Byron.
14:24 of 2nd period - Shot Misses the Net.
15:00 of 2nd period - Shot by Alexander Wennberg.
15:00 of 2nd period - Stopped by Jordan Binnington with a rebound.
15:02 of 2nd period - Shot by Sebastian Aho.
15:02 of 2nd period - Stopped by Jordan Binnington without a rebound.
15:03 of 2nd period - Nicklas Backstrom wins face-off versus Yanni Gourde in Kings zone.
15:03 of 2nd period - Teuvo Teravainen is hit by Zdeno Chara and loses puck.
15:16 of 2nd period - Shot by Yanni Gourde.
15:16 of 2nd period - Shot Misses the Net.
15:18 of 2nd period - Shot by Zdeno Chara.
15:18 of 2nd period - Stopped by Pekka Rinne with a rebound.
15:20 of 2nd period - Shot by Johnny Gaudreau.
15:20 of 2nd period - Shot Misses the Net.
15:24 of 2nd period - Shot by Johnny Gaudreau.
15:24 of 2nd period - Stopped by Pekka Rinne with a rebound.
16:14 of 2nd period - Shot by Brock Boeser.
16:14 of 2nd period - Stopped by Pekka Rinne without a rebound.
16:15 of 2nd period - David Kampf wins face-off versus Sebastian Aho in Predateurs zone.
16:42 of 2nd period - Shot by Derek Forbort.
16:42 of 2nd period - Shot Misses the Net.
16:45 of 2nd period - Icing by Brady Skjei.
16:46 of 2nd period - William Karlsson wins face-off versus Sebastian Aho in Predateurs zone.
16:55 of 2nd period - Shot by William Karlsson.
16:55 of 2nd period - Shot Misses the Net.
17:18 of 2nd period - Icing by Shea Weber.
17:19 of 2nd period - Noel Acciari wins face-off versus William Karlsson in Kings zone.
17:38 of 2nd period - Shot by Kyle Connor.
17:38 of 2nd period - Stopped by Pekka Rinne with a rebound.
17:40 of 2nd period - Shot by Zach Werenski.
17:40 of 2nd period - Stopped by Pekka Rinne with a rebound.
18:28 of 2nd period - Shot by Nicklas Backstrom.
18:28 of 2nd period - Shot Misses the Net.
18:30 of 2nd period - Shot by Teuvo Teravainen.
18:30 of 2nd period - Stopped by Jordan Binnington with a rebound.
18:32 of 2nd period - Shot by Nicklas Backstrom.
18:32 of 2nd period - Stopped by Jordan Binnington without a rebound.
18:33 of 2nd period - Teddy Blueger wins face-off versus Frederick Gaudreau in Kings zone.
18:33 of 2nd period - Teddy Blueger is hit by Stefan Noesen.
18:47 of 2nd period - Shot by Pierre-Edouard Bellemare.
18:47 of 2nd period - Stopped by Pekka Rinne without a rebound.
18:48 of 2nd period - Sebastian Aho wins face-off versus David Kampf in Predateurs zone.
19:13 of 2nd period - Shot by Brock McGinn.
19:13 of 2nd period - Stopped by Pekka Rinne without a rebound.
19:14 of 2nd period - William Karlsson wins face-off versus Nicklas Backstrom in Predateurs zone.
19:14 of 2nd period - Brock Boeser is hit by Brady Skjei and loses puck.
19:25 of 2nd period - Shot by Brock Boeser.
19:25 of 2nd period - Shot Misses the Net.
Goals for this period are 1 for Predateurs vs 3 for Kings.
Shots for this period are 13 for Predateurs vs 14 for Kings.

3rd period


0:01 of 3rd period - Yanni Gourde wins face-off versus Sebastian Aho in neutral zone.
0:51 of 3rd period - Icing by Alexander Wennberg.
0:52 of 3rd period - William Karlsson wins face-off versus Sebastian Aho in Predateurs zone.
0:53 of 3rd period - Shot by Kyle Connor.
0:53 of 3rd period - Stopped by Pekka Rinne without a rebound.
0:54 of 3rd period - William Karlsson wins face-off versus Nicklas Backstrom in Predateurs zone.
1:03 of 3rd period - Shot by Kyle Connor.
1:03 of 3rd period - Stopped by Pekka Rinne without a rebound.
1:04 of 3rd period - Teddy Blueger wins face-off versus Noel Acciari in Predateurs zone.
1:04 of 3rd period - Derek Forbort is hit by Nathan Beaulieu and loses puck.
1:07 of 3rd period - Shot by Pierre-Edouard Bellemare.
1:07 of 3rd period - Shot Blocked by Nathan Beaulieu.
1:14 of 3rd period - Minor Penalty to Nathan Beaulieu for Interference.
1:15 of 3rd period - Frederick Gaudreau wins face-off versus William Karlsson in Predateurs zone.
1:26 of 3rd period - Shot by Zdeno Chara.
1:26 of 3rd period - Stopped by Pekka Rinne without a rebound.
1:27 of 3rd period - Teddy Blueger wins face-off versus Frederick Gaudreau in Predateurs zone.
1:45 of 3rd period - Shot by Brock Boeser.
1:45 of 3rd period - Deflect By Teddy Blueger.
1:45 of 3rd period - Shot Blocked by Brady Skjei.
1:51 of 3rd period - Shot by Shea Weber.
1:51 of 3rd period - Shot Misses the Net.
1:55 of 3rd period - Shot by Scott Mayfield.
1:55 of 3rd period - Shot Misses the Net.
1:57 of 3rd period - Shot by Shea Weber.
1:57 of 3rd period - Shot Misses the Net.
1:59 of 3rd period - Shot by Scott Mayfield.
1:59 of 3rd period - Shot Hit the Post.
2:09 of 3rd period - Shot by Scott Mayfield.
2:09 of 3rd period - Stopped by Pekka Rinne with a rebound.
2:11 of 3rd period - Shot by Teddy Blueger.
2:11 of 3rd period - Shot Misses the Net.
3:27 of 3rd period - Shot by Teuvo Teravainen.
3:27 of 3rd period - Stopped by Jordan Binnington with a rebound.
4:23 of 3rd period - Shot by Frederick Gaudreau.
4:23 of 3rd period - Shot Blocked by Derek Forbort.
4:25 of 3rd period - Shot by Brady Skjei.
4:25 of 3rd period - Stopped by Jordan Binnington with a rebound.
4:27 of 3rd period - Shot by Esa Lindell.
4:27 of 3rd period - Shot Misses the Net.
4:29 of 3rd period - Shot by Stefan Noesen.
4:29 of 3rd period - Shot Misses the Net.
4:31 of 3rd period - Shot by Esa Lindell.
4:31 of 3rd period - Stopped by Jordan Binnington with a rebound.
4:33 of 3rd period - Shot by Ryan Dzingel.
4:33 of 3rd period - Shot Misses the Net.
5:31 of 3rd period - Shot by Teddy Blueger.
5:31 of 3rd period - Shot Blocked by Justin Schultz.
5:33 of 3rd period - Shot by Pierre-Edouard Bellemare.
5:33 of 3rd period - Stopped by Pekka Rinne without a rebound.
5:34 of 3rd period - Sebastian Aho wins face-off versus Yanni Gourde in Predateurs zone.
5:47 of 3rd period - Shot by Yanni Gourde.
5:47 of 3rd period - Stopped by Pekka Rinne without a rebound.
5:48 of 3rd period - William Karlsson wins face-off versus Nicklas Backstrom in Predateurs zone.
5:48 of 3rd period - William Karlsson is hit by Brady Skjei.
6:22 of 3rd period - Shot by Teuvo Teravainen.
6:22 of 3rd period - Shot Misses the Net.
6:28 of 3rd period - Shot by Nicklas Backstrom.
6:28 of 3rd period - Stopped by Jordan Binnington with a rebound.
6:39 of 3rd period - Icing by Zdeno Chara.
6:40 of 3rd period - William Karlsson wins face-off versus Sebastian Aho in Kings zone.
6:50 of 3rd period - Alexander Wennberg is hit by Scott Mayfield and loses puck.
6:55 of 3rd period - Shot by Alexander Wennberg.
6:55 of 3rd period - Shot Hit the Post.
7:23 of 3rd period - Shot by Nikita Kucherov.
7:23 of 3rd period - Shot Misses the Net.
8:05 of 3rd period - Shot by Johnny Gaudreau.
8:05 of 3rd period - Stopped by Pekka Rinne with a rebound.
8:11 of 3rd period - Shot by Johnny Gaudreau.
8:11 of 3rd period - Stopped by Pekka Rinne without a rebound.
8:12 of 3rd period - Nicklas Backstrom wins face-off versus Pierre-Edouard Bellemare in Predateurs zone.
8:20 of 3rd period - Corey Perry is hit by Filip Forsberg and loses puck.
8:29 of 3rd period - Shot by Nicklas Backstrom.
8:29 of 3rd period - Shot Misses the Net.
8:35 of 3rd period - Shot by Teuvo Teravainen.
8:35 of 3rd period - Shot Misses the Net.
8:43 of 3rd period - Shot by Nicklas Backstrom.
8:43 of 3rd period - Deflect By Teuvo Teravainen.
8:43 of 3rd period - Shot Blocked by Andy Greene.
8:45 of 3rd period - Shot by Esa Lindell.
8:45 of 3rd period - Stopped by Jordan Binnington with a rebound.
8:51 of 3rd period - Shot by Filip Forsberg.
8:51 of 3rd period - Deflect By Nicklas Backstrom.
8:51 of 3rd period - Stopped by Jordan Binnington with a rebound.
9:08 of 3rd period - Andy Greene is hit by Mirco Mueller.
9:15 of 3rd period - Icing by Nathan Beaulieu.
9:16 of 3rd period - Yanni Gourde wins face-off versus Nikita Kucherov in Predateurs zone.
9:17 of 3rd period - Shot by Johnny Gaudreau.
9:17 of 3rd period - Shot Misses the Net.
9:22 of 3rd period - Nathan Beaulieu is hit by Shea Weber and loses puck.
9:26 of 3rd period - Nikita Kucherov is hit by Zach Werenski and loses puck.
9:32 of 3rd period - Nikita Kucherov is hit by Shea Weber and loses puck.
9:41 of 3rd period - Shot by Nikita Kucherov.
9:41 of 3rd period - Stopped by Jordan Binnington without a rebound.
9:42 of 3rd period - Noel Acciari wins face-off versus David Kampf in Kings zone.
10:16 of 3rd period - Icing by Zdeno Chara.
10:17 of 3rd period - Nicklas Backstrom wins face-off versus David Kampf in Kings zone.
10:22 of 3rd period - Shot by Teuvo Teravainen.
10:22 of 3rd period - Stopped by Jordan Binnington without a rebound.
10:23 of 3rd period - Tanner Pearson wins face-off versus Sebastian Aho in Kings zone.
10:36 of 3rd period - Shot by Sebastian Aho.
10:36 of 3rd period - Stopped by Jordan Binnington without a rebound.
10:37 of 3rd period - Nicklas Backstrom wins face-off versus Brock Boeser in Kings zone.
11:06 of 3rd period - Shot by Kyle Connor.
11:06 of 3rd period - Stopped by Pekka Rinne without a rebound.
11:07 of 3rd period - Yanni Gourde wins face-off versus Sebastian Aho in Predateurs zone.
11:16 of 3rd period - Shot by Nikita Kucherov.
11:16 of 3rd period - Stopped by Jordan Binnington without a rebound.
11:17 of 3rd period - Frederick Gaudreau wins face-off versus Yanni Gourde in Kings zone.
11:49 of 3rd period - Shot by Johnny Gaudreau.
11:49 of 3rd period - Stopped by Pekka Rinne without a rebound.
11:50 of 3rd period - William Karlsson wins face-off versus Sebastian Aho in Predateurs zone.
11:59 of 3rd period - Shot by Kyle Connor.
11:59 of 3rd period - Stopped by Pekka Rinne without a rebound.
12:00 of 3rd period - Nicklas Backstrom wins face-off versus William Karlsson in Predateurs zone.
13:04 of 3rd period - Icing by Zdeno Chara.
13:05 of 3rd period - William Karlsson wins face-off versus Sebastian Aho in Kings zone.
13:05 of 3rd period - William Karlsson is hit by Alexander Wennberg.
14:02 of 3rd period - Icing by Mirco Mueller.
14:03 of 3rd period - Noel Acciari wins face-off versus Teddy Blueger in Predateurs zone.
14:14 of 3rd period - Shot by Noel Acciari.
14:14 of 3rd period - Shot Blocked by Derek Forbort.
14:24 of 3rd period - Shot by Noel Acciari.
14:24 of 3rd period - Shot Misses the Net.
14:26 of 3rd period - Shot by Noel Acciari.
14:26 of 3rd period - Stopped by Jordan Binnington without a rebound.
14:27 of 3rd period - Nicklas Backstrom wins face-off versus David Kampf in Kings zone.
14:32 of 3rd period - Shot by Nicklas Backstrom.
14:32 of 3rd period - Stopped by Jordan Binnington with a rebound.
14:44 of 3rd period - Shot by Filip Forsberg.
14:44 of 3rd period - Shot Blocked by Zach Werenski.
14:46 of 3rd period - Shot by Marc-Edouard Vlasic.
14:46 of 3rd period - Shot Misses the Net.
14:48 of 3rd period - Shot by Teuvo Teravainen.
14:48 of 3rd period - Shot Misses the Net.
14:50 of 3rd period - Shot by Nicklas Backstrom.
14:50 of 3rd period - Stopped by Jordan Binnington without a rebound.
14:51 of 3rd period - Alexander Wennberg wins face-off versus Yanni Gourde in Kings zone.
15:28 of 3rd period - Shot by Yanni Gourde.
15:28 of 3rd period - Shot Misses the Net.
15:53 of 3rd period - Minor Penalty to Brock Boeser for Hooking.
15:54 of 3rd period - Pierre-Edouard Bellemare wins face-off versus Teuvo Teravainen in Kings zone.
16:07 of 3rd period - Shot by Alexander Wennberg.
16:07 of 3rd period - Goal by Alexander Wennberg - Predateurs : 3 - Kings : 3.
16:08 of 3rd period - Frederick Gaudreau wins face-off versus Brock Boeser in neutral zone.
16:11 of 3rd period - William Karlsson is hit by Stefan Noesen and loses puck.
16:26 of 3rd period - Shot by Mirco Mueller.
16:26 of 3rd period - Shot Misses the Net.
16:28 of 3rd period - Shot by Frederick Gaudreau.
16:28 of 3rd period - Shot Blocked by Shea Weber.
16:30 of 3rd period - Shot by Frederick Gaudreau.
16:30 of 3rd period - Shot Misses the Net.
16:52 of 3rd period - Shot by William Karlsson.
16:52 of 3rd period - Goal by William Karlsson - Predateurs : 3 - Kings : 4.
16:53 of 3rd period - Nicklas Backstrom wins face-off versus Teddy Blueger in neutral zone.
16:57 of 3rd period - Off-side.
16:58 of 3rd period - Nicklas Backstrom wins face-off versus Yanni Gourde in neutral zone.
17:00 of 3rd period - Justin Schultz is hit by Scott Mayfield.
18:01 of 3rd period - Off-side.
18:02 of 3rd period - Nikita Kucherov wins face-off versus William Karlsson in neutral zone.
18:02 of 3rd period - Alexander Wennberg is hit by William Karlsson and loses puck.
18:52 of 3rd period - Icing by Derek Forbort.
18:53 of 3rd period - William Karlsson wins face-off versus Noel Acciari in Kings zone.
19:00 of 3rd period - Predateurs, Pekka Rinne is pulled from the net.
19:00 of 3rd period - Shot by Zach Parise.
19:00 of 3rd period - Deflect By Paul Byron.
19:00 of 3rd period - Stopped by Jordan Binnington without a rebound.
19:01 of 3rd period - Pierre-Edouard Bellemare wins face-off versus Sebastian Aho in Kings zone.
19:03 of 3rd period - Icing by Brock McGinn.
19:04 of 3rd period - Pierre-Edouard Bellemare wins face-off versus Nikita Kucherov in Kings zone.
19:50 of 3rd period - Icing by Scott Mayfield.
19:51 of 3rd period - Pierre-Edouard Bellemare wins face-off versus Noel Acciari in Kings zone.
Goals for this period are 1 for Predateurs vs 1 for Kings.
Shots for this period are 15 for Predateurs vs 12 for Kings.